woodfighter, chaotic female human Barbarian ---- ----------- ..... |.........| -...----|.-------.| |.......|.|.......| ---.|.-.|.|%--------- |.|.....|.........| |.---.-----------.|.----- |...|.|.........|.|.....| ---.--|...[.....|.---.|.--- |...-..^.<....|.....|...| ----|.........|--------.--- |.........| |.[.... ----------- ---..%--- ........ ^ ----- -------...|. ..Z.. |.|.......| -@-----...{.----- |............. -------------- woodfighter the Bandit Experience level: 9 Strength: 18/20 Dexterity: 13 Constitution: 19 Intelligence: 7 Wisdom: 8 Charisma: 7 Health: 0(108) Energy: 20(20) Def: 10 Gold: 126 Moves: 6095 Dungeon seed: W6cOb16HZR8xFkNx Game ID: woodfighter_1445158487 Your Inventory: Coins $ - 126 gold pieces Amulets W - an uncursed amulet versus poison (being worn) Weapons a - a corroded +0 axe (weapon in hand) s - 10 +0 daggers (in quiver) Armor m - an uncursed +0 Hawaiian shirt (being worn) n - an uncursed +0 pair of jumping boots (being worn) z - a blessed +0 dwarvish iron helm (being worn) O - an uncursed +0 oilskin cloak (being worn) U - an uncursed +0 dwarvish mithril-coat (being worn) V - an uncursed +0 dwarvish roundshield (being worn) Comestibles p - 2 uncursed food rations x - 2 uncursed tripe rations Scrolls t - an uncursed scroll of enchant armor Spellbooks v - an uncursed spellbook of healing Rings k - an uncursed ring of conflict l - an uncursed ring of levitation u - an uncursed ring of searching (on left hand) X - an uncursed ring of see invisible Wands A - a wand of make invisible (0:5) M - a wand of cancellation (0:3) N - a wand of speed monster (0:3) Z - a wand of striking (0:3) Tools d - an uncursed magic whistle g - an uncursed magic lamp (lit) j - an uncursed stethoscope C - an uncursed pair of lenses (being worn) Q - a +0 pick-axe R - an uncursed skeleton key Gems e - an uncursed amber stone q - 2 uncursed emeralds r - an uncursed ruby Y - an uncursed luckstone Spells and supernatural/magical abilities: Name Level Category Fail Memory W - pray for help -- divine ? -- Y - supernatural jump -- ability ? -- Your skills at the end: Miscellaneous Skills bare handed combat [Basic] Weapon Skills axe [Expert] two-handed sword [Basic] Spellcasting Skills Final Attributes: You were piously aligned. You were poison resistant. You had automatic searching. You could jump. You were fast. You were lucky. You had extra luck. Bad luck did not time out for you. Good luck did not time out for you. You are dead. Vanquished creatures: a vampire lord a giant mimic 5 small mimics an ettin mummy a dwarf king a tengu a cockatrice a wolf a lynx a scorpion a gnome king an orc mummy 4 brown puddings a gold golem a werewolf a housecat 2 dwarf lords 2 blue jellies a snake a human zombie 4 fire ants a rock mole 2 ponies a fog cloud a shrieker 15 gnome lords 5 gnomish wizards 2 kobold mummies a red naga hatchling a little dog 3 floating eyes a kitten 18 dwarves a kobold shaman 3 iguanas 8 hill orcs 4 rothes 2 giant bats a monkey 5 orc zombies a dwarf zombie a wererat a werejackal a coyote a gas spore 7 hobbits 2 acid blobs a large kobold 6 geckos 3 giant rats 2 cave spiders a yellow mold 2 green molds 54 gnomes 3 manes 2 gnome zombies 4 jackals a fox 4 kobolds 6 newts 3 goblins 2 sewer rats 10 grid bugs 2 bats 7 lichens 2 kobold zombies 237 creatures vanquished. Voluntary challenges: You used a wielded weapon 417 times, starting on turn 47. You did not apply a unicorn horn. You read items or engraved 9 times, starting on turn 3419. You never genocided any monsters. You never polymorphed an object. You never changed form. You used no wishes. You split 2 puddings, starting on turn 4213. You never wrote Elbereth's name. You never violated your personal moral code. Dungeon overview: The Dungeons of Doom: levels 1 to 4 Level 1 an altar to Crom, a fountain a long staircase Level 2 a jewelry store, some fountains Level 3 some fountains stairs to The Gnomish Mines Level 4 The Gnomish Mines: levels 4 to 11 Level 4 stairs to The Dungeons of Doom Level 5 Level 6 Level 7 many shops, a temple to Mitra, a magic chest, some fountains Level 8 Level 9 Level 10 Level 11 <- You were here a fountain History has recorded: On T:1 you entered the Dungeons of Doom to retrieve the Amulet of Yendor! On T:78 you reached level 2 of The Dungeons of Doom. On T:570 you advanced to experience level 2. On T:718 you advanced to experience level 3. On T:735 you advanced to experience level 4. On T:825 you reached level 3 of The Dungeons of Doom. On T:1189 you advanced to experience level 5. On T:1668 you reached level 4 of The Dungeons of Doom. On T:1986 you reached level 1 of The Gnomish Mines. On T:2125 you reached level 2 of The Gnomish Mines. On T:2134 you advanced to experience level 6. On T:2499 you reached level 3 of The Gnomish Mines. On T:2958 you advanced to experience level 7. On T:3618 you reached level 4 of The Gnomish Mines. On T:4214 you advanced to experience level 8. On T:4340 you entered the Minetown temple On T:4552 you opened a magic chest. On T:4556 you opened a magic chest. On T:4614 you reached level 5 of The Gnomish Mines. On T:4627 you reached level 6 of The Gnomish Mines. On T:5153 you reached level 7 of The Gnomish Mines. On T:5323 you reached level 8 of The Gnomish Mines. On T:5323 you reached the bottom of the Mines. On T:5861 you opened a magic chest. On T:5867 you opened a magic chest. On T:5867 you opened a magic chest. On T:5872 you opened a magic chest. On T:5874 you opened a magic chest. On T:6054 you advanced to experience level 9. Score breakdown: Gold: 126 ( 12 points) Experience: 9 levels ( 800 points) Exploration: 11 levels ( 300 points) Discoveries: 22 items ( 1100 points) Variety of kills: 66 monsters ( 2000 points) Major goal: reached Mine's End ( 1000 points) Survival: died (score multiplied by 3) Total score: 15636 Latest messages: You put an uncursed wrinkled spellbook into the magic chest. You put a blessed brown potion into the magic chest. You put an uncursed smoky potion into the magic chest. You put a blessed smoky potion into the magic chest. You put an uncursed golden potion into the magic chest. You put an uncursed potion of healing into the magic chest. You put an uncursed sky blue potion into the magic chest. You put an uncursed brown potion into the magic chest. You put an uncursed violet gem into the magic chest. You put an uncursed blue gem into the magic chest. You put an uncursed white gem into the magic chest. You put an uncursed orange gem into the magic chest. You put an uncursed black gem into the magic chest. You put an uncursed yellow gem into the magic chest. You put an uncursed yellowish brown gem into the magic chest. You put 2 uncursed violet gems into the magic chest. You put an uncursed yellow gem into the magic chest. Your movements are now unencumbered. You have a little trouble lifting e - an uncursed violet gem. You have a little trouble lifting k - an uncursed white gem. You swing your axe in a wide arc. You kill the gas spore! The giant zombie is caught in the gas spore's explosion! You are caught in the gas spore's explosion! You smite the giant zombie. The giant zombie scratches you! (2x) You die... Final status: Goodbye woodfighter the Barbarian, killed by a giant zombie... You died in The Gnomish Mines on dungeon level 11 with 15636 points, and 126 pieces of gold, after 6095 moves. You were level 9 with a maximum of 108 hit points when you died.